 Dungeon Crawl Stone Soup version 0.28-a0-1616-g050a50673c (webtiles) character file.

Game seed: 14127418515395350233

135 a3don the Insei (level 5, 0/34 HPs)
             Began as an Octopode Transmuter on Jan 22, 2022.
             Slain by an orc (10 damage)
             ... on level 3 of the Dungeon.
             The game lasted 00:04:57 (2183 turns).

a3don the Insei (Octopode Transmuter)               Turns: 2183, Time: 00:04:58

Health: 0/34       AC:  1    Str:  9    XL:     5   Next: 18%
Magic:  7/8        EV: 13    Int: 17    God:
Gold:   62         SH:  0    Dex: 13    Spells: 6/9 levels left

rFire   . . .      SeeInvis .   c - +1 whip (elec)
rCold   . . .      Faith    .   (no shield)
rNeg    . . .      Spirit   .   (helmet currently unavailable)
rPois   .          Reflect  .   l - amulet of regeneration
rElec   .          Harm     .   (no ring)
rCorr   .          Rampage  .   (no ring)
Will    .....                   (no ring)
Stlth   ++........              (no ring)
HPRegen 0.91/turn               (no ring)
MPRegen 0.11/turn               (no ring)
                                (no ring)
                                (no ring)

@: confused, appendages (expiring)
A: tentacle spike 3, almost no armour, amphibious, 8 rings, camouflage 1,
gelatinous body 1, (nimble swimmer 1), tentacles
a: End Transformation


You were on level 3 of the Dungeon.
One of your tentacles had grown a beastly spike.
You visited 1 branch of the dungeon, and saw 3 of its levels.

You collected 62 gold pieces.

Inventory:

Hand Weapons
 c - a +1 whip of electrocution (weapon)
Missiles
 a - 19 sling bullets
 b - 59 stones
 k - 11 boomerangs (quivered)
Jewellery
 l - an amulet of regeneration (around mantle)
Scrolls
 d - a scroll of magic mapping {unknown}
 e - 2 scrolls of teleportation {unknown}
 f - 3 scrolls of identify {unknown}
 i - 3 scrolls of fear {unknown}
Potions
 g - a potion of lignification
 j - a potion of cancellation {unknown}


   Skills:
 + Level 2.1 Fighting
 + Level 1.4 Maces & Flails
 + Level 2.7 Dodging
 - Level 3.2 Unarmed Combat
 + Level 2.6 Spellcasting
 + Level 2.7 Transmutations
 + Level 1.4 Poison Magic


You had 6 spell levels left.
You knew the following spells:

 Your Spells              Type           Power      Damage    Failure   Level
a - Beastly Appendage     Tmut           22%        N/A       6%          1
b - Wereblood             Tmut           11%        N/A       9%          2

Your spell library contained the following spells:

 Spells                   Type           Power      Damage    Failure   Level
 Spider Form              Tmut/Pois      9%         N/A       22%         3
 Static Discharge         Conj/Air       2%         N/A       28%         2
 Ice Form                 Ice/Tmut       6%         N/A       71%         4
 Dispel Undead            Necr           2%         3d7       88%         4
 Sticky Flame             Conj/Fire      2%         2d3       88%         4


Dungeon Overview and Level Annotations

Branches:
Dungeon (3/15)

Altars:

Annotations:
D:3 Robin


Innate Abilities, Weirdness & Mutations

One of your tentacles has grown a beastly spike.
You cannot wear most types of armour.
You are amphibious.
You can wear up to eight rings at the same time.
Your skin changes colour to match your surroundings (Stealth+).
Your rubbery body absorbs attacks. (AC +1, EV +1)
((You are camouflaged when in or above water. (Stealth+)))
You have tentacles for arms and can constrict up to eight enemies at once.


Message History

You grab the orc. You constrict the orc.
The orc struggles to escape constriction.
You completely miss the orc. You squeeze the orc.
You kill the orc!
An orc comes into view. It is wielding a +0 trident.
Things that are here:
a +0 flail; an orc corpse The orc shouts!
You hit the orc priest. You grab the orc priest. You squeeze the orc priest!
The orc priest is severely wounded.
You constrict the orc priest. The orc priest barely misses you.
You hit the orc priest.
Lightning courses through the orc priest!
You kill the orc priest!
The orc barely misses you.
The orc wizard gestures wildly while chanting.
The orc wizard flickers and vanishes!
Deactivating autopickup; reactivate with Ctrl-A.
You have reached level 5!
You feel agile.
You closely miss something.
You pierce something.
The orc hits you from afar with a +0 trident!
You hear some strange, mumbled words.
A puff of flame appears from out of thin air!
The puff of flame hits you!
You closely miss something.
Your tentacle spike misses something.
The orc closely misses you. Something hits you.
* * * LOW HITPOINT WARNING * * *
You miss something. The orc closely misses you.
You hear some strange, mumbled words.
You are confused.
You barely miss something.
Your tentacle spike misses something.
Your squeeze misses something.
Your transformation is almost over.
The orc barely misses you. Something hits you.
* * * LOW HITPOINT WARNING * * *
You're too confused to move!
The orc closely misses you. Something hits you.
* * * LOW HITPOINT WARNING * * *
The orc hits you with a +0 trident!
You die...

#...#
##.†#
#...###..#
#.......##
#<..##..#
######..#
#..# #..#
#.)######
#@){....#
#.o.....#
#.......#
#.......#
#.........
.[...(....
#########.


You could see an orc.

Vanquished Creatures
  An orc priest (D:3)
  Jessica (D:2)
  Natasha (D:3)
  2 adders (D:2)
  An orc (D:3)
  7 ball pythons
  3 endoplasms
  A giant cockroach (D:2)
  4 goblins
  2 hobgoblins (D:1)
  A quokka (D:1)
  5 bats
  3 frilled lizards
  3 kobolds
  3 rats
38 creatures vanquished.

Notes
Turn   | Place    | Note
-------+----------+-------------------------------------------
     0 | D:1      | a3don the Octopode Transmuter began the quest for the Orb.
     0 | D:1      | Reached XP level 1. HP: 13/13 MP: 3/3
   315 | D:1      | Reached XP level 2. HP: 13/18 MP: 5/5
  1047 | D:2      | Reached XP level 3. HP: 11/23 MP: 4/6
  1183 | D:2      | Learned a level 2 spell: Wereblood
  1937 | D:2      | Noticed Jessica
  1940 | D:2      | Killed Jessica
  1941 | D:2      | Reached skill level 1 in Maces & Flails
  1941 | D:2      | Reached skill level 1 in Poison Magic
  1941 | D:2      | Reached XP level 4. HP: 20/29 MP: 5/7
  2030 | D:3      | Found a faded altar of an unknown god.
  2031 | D:3      | Identified the +0 helmet "Uqeaxini" {Str+7}
  2031 | D:3      | Noticed Robin
  2135 | D:3      | Noticed Natasha
  2142 | D:3      | Killed Natasha
  2178 | D:3      | Reached XP level 5. HP: 34/34 MP: 6/8
  2183 | D:3      | Slain by an orc

Illustrated notes

Levels and vault maps discovered:
D:1:      lightli_arrival_lavapool, layout_loops_ring,
          chequers_serial_rivers_marsh, chequers_decorated_corner
D:2:      layout_loops_ring, minmay_misc_feat_square, minmay_crystal_water,
          uniq_jessica
D:3:      layout_rooms, serial_shops, nicolae_lakefront_shop,
          hellmonk_ecumenical_altar_run_dry, kennysheep_cross_bottleneck,
          uniq_robin, uniq_natasha

Skill      XL: |  1  2  3  4 |
---------------+-------------+-----
Maces & Flails | 1 |  1.4
Poison Magic   | 1 |  1.4
Fighting       | 2 |  2.1
Dodging        | |  2.7
Unarmed Combat | |  3.2
Spellcasting   | |  2.6
Transmutations | |  2.7

Action                   |  1- 3 |  4- 6 || total
-------------------------+-------+-------++-------
Melee: Whip              |    50 |    23 ||    73
       Constrict         |    11 |     4 ||    15
       Tentacles         |    10 |     4 ||    14
       Unarmed           |     2 |       ||     2
       Kick              |     5 |     3 ||     8
       Punch             |     1 |     1 ||     2
Throw: Boomerang         |       |     2 ||     2
 Cast: Beastly Appendage |    17 |     7 ||    24
  Use: Potion            |     2 |       ||     2
 Stab: Sleeping          |     7 |       ||     7
Armor: Skin              |     8 |     3 ||    11
Dodge: Dodged            |    32 |    23 ||    55

Table legend: (Time is in decaauts)
 A = Elapsed time spent in this place.
 B = Non-inter-level travel time spent in this place.
 C = Inter-level travel time spent in this place.
 D = Time resting spent in this place.
 E = Time spent auto-exploring this place.
 F = Levels seen in this place.
 G = Mean time per level.
                   A        B        C        D        E       F      G
               +--------+--------+--------+--------+--------+-----+--------+
         Total |   2201 |   2128 |     73 |    581 |   1208 |   3 |  733.7 |
       Dungeon |   2201 |   2128 |     73 |    581 |   1208 |   3 |  733.7 |
               +--------+--------+--------+--------+--------+-----+--------+

Top non-repeatable levels by time:
     D:2: 1120 daAuts
     D:1: 1009 daAuts
     D:3: 70 daAuts
